[ AOE2 MATCH · #494023643 ]
UnrankedHindustanis vs Franks
Rival team · WIN
[ REPLAY ANALYSIS · EXTRACTED FROM THE RECORDED GAME ]
Feudal
8:52
Castle
22:31
Imperial
42:28
| APM avg | 60.0 |
| APM peak | 107 |
| eAPM avg | 33.3 |
| Villagers / military | 265 / 204 |
Focus
⚔️ 45.6% · 🌾 54.4%
Cavalry Archer ×133 · Scout Cavalry ×41 · Spearman ×9 · Bombard Cannon ×9 · Mangonel ×5 · Monk ×4
Feudal
8:57
Castle
24:44
Imperial
41:37
| APM avg | 53.1 |
| APM peak | 94 |
| eAPM avg | 23.8 |
| Villagers / military | 232 / 172 |
Focus
⚔️ 38.3% · 🌾 61.7%
Knight ×61 · Skirmisher ×46 · Archer ×38 · Spearman ×10 · Scout Cavalry ×7 · Trebuchet (Packed) ×5
Match map
Initial resources + every placement click. Lines = walls · curves = elevation contours. ◆ gold · ⬟ stone · ● berries · ✦ relic · ◌ wall gap
Your base· ✓ Closed at 22:31 · 39t walls · 2 gate(s)
wanna lose 21 grams's base· Open — unwalled flank
Smoothed initial terrain · ◌ = detected wall gap · hover for details
Inputs per minute
— Nacho_C - - wanna lose 21 grams
Build order — Nacho_C
First 150 of 736 actions detected
| 0:00 | Queue | Villager (Male) |
| 0:00 | Queue | Villager (Male) |
| 0:01 | Build | House |
| 0:02 | Build | House |
| 0:04 | Queue | Villager (Male) |
| 0:05 | Queue | Villager (Male) |
| 1:06 | Queue | Villager (Male) |
| 1:30 | Queue | Villager (Male) |
| 1:59 | Build | Lumber Camp |
| 2:03 | Queue | Villager (Male) |
| 2:18 | Queue | Villager (Male) |
| 3:10 | Queue | Villager (Male) |
| 3:10 | Queue | Villager (Male) |
| 3:53 | Build | House |
| 3:55 | Build | House |
| 4:01 | Queue | Villager (Male) |
| 4:01 | Queue | Villager (Male) |
| 4:04 | Queue | Villager (Male) |
| 4:04 | Queue | Villager (Male) |
| 4:04 | Queue | Villager (Male) |
| 4:44 | Build | Mill |
| 5:28 | Queue | Villager (Male) |
| 5:35 | Research | Loom |
| 6:30 | Research | Feudal Age |
| 7:38 | Queue | Villager (Male) |
| 7:48 | Build | House |
| 7:56 | Build | Barracks |
| 8:52 | Age | Feudal Age |
| 8:54 | Build | Stable |
| 8:56 | Research | Double-Bit Axe |
| 8:57 | Queue | Villager (Male) |
| 9:05 | Research | Horse Collar |
| 9:13 | Queue | Spearman |
| 9:13 | Queue | Spearman |
| 9:23 | Queue | Villager (Male) |
| 9:45 | Queue | Scout Cavalry |
| 9:46 | Build | House |
| 9:48 | Build | Farm |
| 9:58 | Queue | Villager (Male) |
| 10:04 | Queue | Scout Cavalry |
| 10:14 | Build | House |
| 10:20 | Build | Palisade Wall |
| 10:22 | Queue | Scout Cavalry |
| 10:25 | Queue | Villager (Male) |
| 10:26 | Build | Mill |
| 10:39 | Queue | Spearman |
| 10:50 | Build | Palisade Gate |
| 10:59 | Queue | Villager (Male) |
| 11:08 | Queue | Villager (Male) |
| 11:10 | Build | Farm |
| 11:15 | Build | Palisade Wall |
| 11:20 | Queue | Spearman |
| 11:25 | Build | House |
| 11:42 | Build | Farm |
| 11:50 | Build | Farm |
| 11:52 | Queue | Spearman |
| 12:10 | Build | Farm |
| 12:19 | Build | Palisade Wall |
| 12:21 | Build | Palisade Wall |
| 12:28 | Build | Farm |
| 12:29 | Build | Farm |
| 12:36 | Build | Palisade Wall |
| 12:40 | Queue | Villager (Male) |
| 12:45 | Build | Farm |
| 12:54 | Build | Farm |
| 12:56 | Build | House |
| 13:11 | Queue | Villager (Male) |
| 13:14 | Build | Palisade Gate |
| 13:23 | Queue | Villager (Male) |
| 13:30 | Build | Farm |
| 13:54 | Queue | Villager (Male) |
| 14:01 | Queue | Spearman |
| 14:01 | Queue | Villager (Male) |
| 14:05 | Build | Farm |
| 14:24 | Queue | Spearman |
| 14:31 | Queue | Villager (Male) |
| 14:32 | Build | Farm |
| 14:36 | Build | House |
| 14:38 | Build | Farm |
| 14:40 | Build | Farm |
| 14:44 | Build | House |
| 15:02 | Build | Palisade Wall |
| 15:04 | Queue | Villager (Male) |
| 15:10 | Build | Farm |
| 15:10 | Queue | Villager (Male) |
| 15:14 | Build | Palisade Wall |
| 15:23 | Build | Blacksmith |
| 15:26 | Queue | Villager (Male) |
| 15:35 | Build | Mining Camp |
| 15:42 | Queue | Villager (Male) |
| 15:53 | Build | House |
| 16:28 | Queue | Villager (Male) |
| 16:29 | Queue | Villager (Male) |
| 16:34 | Build | Farm |
| 16:34 | Queue | Villager (Male) |
| 16:36 | Queue | Villager (Male) |
| 16:42 | Queue | Villager (Male) |
| 16:44 | Queue | Villager (Male) |
| 17:03 | Build | Mining Camp |
| 17:11 | Queue | Villager (Male) |
| 17:19 | Research | Wheelbarrow |
| 17:29 | Build | Palisade Wall |
| 17:31 | Build | Palisade Wall |
| 17:58 | Queue | Scout Cavalry |
| 18:12 | Queue | Scout Cavalry |
| 18:12 | Queue | Spearman |
| 18:25 | Queue | Scout Cavalry |
| 18:58 | Queue | Spearman |
| 18:59 | Queue | Scout Cavalry |
| 18:59 | Queue | Villager (Male) |
| 19:19 | Queue | Villager (Male) |
| 19:33 | Build | Archery Range |
| 19:35 | Queue | Villager (Male) |
| 19:51 | Research | Castle Age |
| 19:51 | Research | Castle Age |
| 20:06 | Build | Archery Range |
| 20:14 | Build | Watch Tower |
| 20:26 | Research | Fletching |
| 21:03 | Build | Lumber Camp |
| 21:10 | Queue | Villager (Male) |
| 21:20 | Research | Padded Archer Armor |
| 21:38 | Research | Gold Mining |
| 21:38 | Research | Gold Mining |
| 21:38 | Research | Bloodlines |
| 21:54 | Build | Lumber Camp |
| 22:31 | Age | Castle Age |
| 22:33 | Queue | Cavalry Archer |
| 22:33 | Queue | Cavalry Archer |
| 22:34 | Research | Bodkin Arrow |
| 22:35 | Research | Bodkin Arrow |
| 22:38 | Queue | Villager (Male) |
| 22:41 | Build | Mining Camp |
| 22:42 | Queue | Villager (Male) |
| 22:44 | Queue | Cavalry Archer |
| 22:45 | Queue | Cavalry Archer |
| 22:51 | Build | Monastery |
| 22:55 | Queue | Villager (Male) |
| 23:00 | Research | Bow Saw |
| 23:18 | Queue | Cavalry Archer |
| 23:19 | Queue | Villager (Male) |
| 23:25 | Queue | Camel Scout |
| 23:25 | Queue | Camel Scout |
| 23:36 | Queue | Villager (Male) |
| 23:53 | Build | Lumber Camp |
| 23:54 | Queue | Villager (Male) |
| 23:58 | Queue | Villager (Male) |
| 24:05 | Queue | Cavalry Archer |
| 24:05 | Queue | Villager (Male) |
| 24:12 | Build | Palisade Gate |
| 24:22 | Build | House |
Build order — wanna lose 21 grams
First 150 of 591 actions detected
| 0:00 | Queue | Villager (Male) |
| 0:01 | Queue | Villager (Male) |
| 0:01 | Queue | Villager (Male) |
| 0:01 | Queue | Villager (Male) |
| 0:02 | Build | House |
| 0:03 | Build | House |
| 1:27 | Queue | Villager (Male) |
| 1:58 | Queue | Villager (Male) |
| 2:09 | Build | Mill |
| 2:21 | Queue | Villager (Male) |
| 2:21 | Queue | Villager (Male) |
| 2:42 | Queue | Villager (Male) |
| 2:42 | Queue | Villager (Male) |
| 3:08 | Queue | Villager (Male) |
| 3:08 | Queue | Villager (Male) |
| 3:19 | Queue | Villager (Male) |
| 3:19 | Queue | Villager (Male) |
| 3:24 | Build | House |
| 3:34 | Queue | Villager (Male) |
| 4:14 | Queue | Villager (Male) |
| 4:25 | Queue | Villager (Male) |
| 4:25 | Queue | Villager (Male) |
| 4:35 | Queue | Villager (Male) |
| 4:41 | Queue | Villager (Male) |
| 5:12 | Build | Lumber Camp |
| 5:21 | Queue | Villager (Male) |
| 5:52 | Queue | Villager (Male) |
| 6:15 | Research | Loom |
| 6:20 | Build | House |
| 6:47 | Research | Feudal Age |
| 7:29 | Queue | Villager (Male) |
| 7:49 | Build | Barracks |
| 8:57 | Age | Feudal Age |
| 9:01 | Build | Stable |
| 9:02 | Queue | Spearman |
| 9:11 | Build | House |
| 9:13 | Build | House |
| 9:16 | Queue | Villager (Male) |
| 9:18 | Build | House |
| 9:23 | Queue | Villager (Male) |
| 9:28 | Queue | Villager (Male) |
| 9:33 | Queue | Villager (Male) |
| 9:47 | Build | Palisade Wall |
| 9:48 | Build | Palisade Wall |
| 9:49 | Queue | Scout Cavalry |
| 9:52 | Build | Farm |
| 9:53 | Build | Farm |
| 9:59 | Queue | Scout Cavalry |
| 10:01 | Queue | Villager (Male) |
| 10:08 | Queue | Villager (Male) |
| 10:16 | Queue | Spearman |
| 10:18 | Queue | Villager (Male) |
| 10:21 | Queue | Villager (Male) |
| 10:26 | Queue | Spearman |
| 10:35 | Queue | Scout Cavalry |
| 10:39 | Queue | Villager (Male) |
| 10:47 | Build | Mill |
| 10:55 | Queue | Villager (Male) |
| 11:06 | Queue | Villager (Male) |
| 11:13 | Build | Farm |
| 11:39 | Queue | Villager (Male) |
| 11:42 | Build | Farm |
| 11:44 | Build | Farm |
| 12:01 | Queue | Villager (Male) |
| 12:23 | Queue | Villager (Male) |
| 12:35 | Queue | Villager (Male) |
| 12:38 | Build | Farm |
| 12:45 | Build | Farm |
| 12:45 | Build | Farm |
| 12:49 | Build | House |
| 12:55 | Queue | Spearman |
| 13:04 | Queue | Villager (Male) |
| 13:11 | Queue | Spearman |
| 13:26 | Queue | Villager (Male) |
| 13:39 | Queue | Villager (Male) |
| 13:44 | Queue | Villager (Male) |
| 13:45 | Build | Farm |
| 13:47 | Build | Farm |
| 13:48 | Build | Farm |
| 14:02 | Queue | Spearman |
| 14:07 | Build | Farm |
| 14:11 | Queue | Villager (Male) |
| 14:22 | Queue | Villager (Male) |
| 14:37 | Queue | Villager (Male) |
| 14:45 | Queue | Villager (Male) |
| 14:50 | Build | Watch Tower |
| 15:01 | Build | House |
| 15:09 | Queue | Villager (Male) |
| 15:14 | Build | Mining Camp |
| 15:25 | Queue | Spearman |
| 15:31 | Queue | Villager (Male) |
| 15:40 | Queue | Villager (Male) |
| 15:47 | Research | Double-Bit Axe |
| 15:54 | Queue | Villager (Male) |
| 15:55 | Queue | Scout Cavalry |
| 16:06 | Queue | Villager (Male) |
| 16:27 | Queue | Villager (Male) |
| 16:29 | Build | Archery Range |
| 16:31 | Queue | Villager (Male) |
| 16:38 | Queue | Scout Cavalry |
| 16:45 | Build | House |
| 16:52 | Build | Mining Camp |
| 17:00 | Queue | Villager (Male) |
| 17:04 | Build | House |
| 17:10 | Queue | Scout Cavalry |
| 17:12 | Queue | Villager (Male) |
| 17:22 | Build | House |
| 17:23 | Queue | Archer |
| 17:29 | Queue | Villager (Male) |
| 17:41 | Queue | Scout Cavalry |
| 17:43 | Queue | Villager (Male) |
| 18:21 | Queue | Archer |
| 18:22 | Queue | Villager (Male) |
| 18:31 | Queue | Spearman |
| 18:41 | Queue | Villager (Male) |
| 18:44 | Build | Archery Range |
| 19:02 | Queue | Spearman |
| 19:18 | Queue | Villager (Male) |
| 19:20 | Queue | Villager (Male) |
| 19:22 | Build | Farm |
| 19:23 | Build | Farm |
| 19:24 | Build | Farm |
| 19:24 | Build | Farm |
| 19:43 | Queue | Villager (Male) |
| 19:44 | Queue | Archer |
| 19:44 | Queue | Archer |
| 19:47 | Build | Farm |
| 19:48 | Build | Farm |
| 20:03 | Build | Watch Tower |
| 20:08 | Queue | Villager (Male) |
| 20:13 | Queue | Spearman |
| 20:22 | Queue | Archer |
| 20:28 | Queue | Villager (Male) |
| 20:41 | Queue | Archer |
| 21:09 | Build | Blacksmith |
| 21:15 | Queue | Archer |
| 21:32 | Queue | Archer |
| 21:36 | Build | House |
| 22:04 | Research | Castle Age |
| 22:05 | Queue | Villager (Male) |
| 22:15 | Build | Watch Tower |
| 22:30 | Build | Lumber Camp |
| 22:39 | Queue | Archer |
| 22:39 | Queue | Archer |
| 22:53 | Research | Forging |
| 23:02 | Research | Gold Mining |
| 23:04 | Build | Farm |
| 23:08 | Build | Farm |
| 23:16 | Research | Fletching |
| 23:24 | Build | House |
Match timeline
| 7:49 | wanna lose 21 grams · first_building Barracks |
| 7:56 | Nacho_C · first_building Barracks |
| 8:52 | Nacho_C · age_up feudal |
| 8:54 | Nacho_C · first_building Stable |
| 8:57 | wanna lose 21 grams · age_up feudal |
| 9:01 | wanna lose 21 grams · first_building Stable |
| 9:47 | wanna lose 21 grams · wall_segment Palisade Wall x2 |
| 9:48 | wanna lose 21 grams · wall_segment Palisade Wall x1 |
| 10:20 | Nacho_C · wall_segment Palisade Wall x6 |
| 11:15 | Nacho_C · wall_segment Palisade Wall x13 |
| 12:19 | Nacho_C · wall_segment Palisade Wall x1 |
| 12:21 | Nacho_C · wall_segment Palisade Wall x1 |
| 12:36 | Nacho_C · wall_segment Palisade Wall x2 |
| 15:02 | Nacho_C · wall_segment Palisade Wall x1 |
| 15:14 | Nacho_C · wall_segment Palisade Wall x12 |
| 16:29 | wanna lose 21 grams · first_building Archery Range |
| 17:29 | Nacho_C · wall_segment Palisade Wall x2 |
| 17:31 | Nacho_C · wall_segment Palisade Wall x4 |
| 19:33 | Nacho_C · first_building Archery Range |
| 22:31 | Nacho_C · age_up castle |
| 22:51 | Nacho_C · first_building Monastery |
| 24:44 | wanna lose 21 grams · age_up castle |
| 25:32 | Nacho_C · first_building Siege Workshop |
| 29:07 | Nacho_C · first_market_buy 100 wood |
| 29:38 | wanna lose 21 grams · first_building Siege Workshop |
| 31:15 | wanna lose 21 grams · first_building Castle |
| 32:09 | Nacho_C · first_market_sell 100 food |
| 32:19 | wanna lose 21 grams · first_building Monastery |
| 41:14 | wanna lose 21 grams · first_market_buy 100 food |
| 41:37 | wanna lose 21 grams · age_up imperial |
| 42:28 | Nacho_C · age_up imperial |
| 47:33 | Nacho_C · first_building Castle |
| 53:28 | wanna lose 21 grams · first_market_sell 500 wood |
| 56:47 | Nacho_C · resign |
[ AI ANALYSIS · 1 CREDIT ]
What really happened in this match?
Wolo.gg analyzes every decision: build order, eco, micro, common mistakes by bracket. Personalized analysis on WhatsApp or Discord in 30 seconds.
Civ guide
Hindustanis
Perfil
Jugador #2899104